AoeStats
← Mynor Valdez

Arena

508804444Analyzed
4v4 RM · 9d ago on Sep 24, 2026· 35m 29s· 8 players
Game mode
Random Map
Map size
Large (8 player)
Population
200
Speed
Normal
Resources
Standard
Victory
Conquest
Starting age
Dark Age
Ending age
Imperial Age
RankedLock teamsTeams togetherTeam positionsShared explorationLock speedFull tech treeHidden civsTurbo modeCheats
Victory
Defeat
🇺🇸 Bengalis · United States
873
+10
🇨🇳 Franks · China
789
+13
🇨🇳 Gurjaras · China
775
+13
🇵🇪 Franks · Peru
605
+19
🇦🇷 Britons · Argentina
797
-17
🇬🇹 Koreans · Guatemala
727
-25
🇦🇷 Italians · Argentina
686
-13
🇧🇷 Franks · Brazil
643
-11
Lucasavend
0:40 Loom
12:46 Feudal Age
14:51 Wheelbarrow
14:02 Town Watch
15:26 Double-Bit Axe
15:28 Horse Collar
15:46 Gold Mining
22:46 Castle Age
25:05 Fletching
26:07 Ballistics
28:09 Murder Holes
28:26 Fortified Wall
Mynor Valdez
8:52 Loom
13:15 Feudal Age
13:49 Double-Bit Axe
17:38 Wheelbarrow
25:31 Castle Age
26:49 Hand Cart
27:22 Fletching
32:53 Crossbowman
evairdaniel
4:23 Loom
10:57 Feudal Age
12:09 Double-Bit Axe
19:20 Castle Age
18:09 Stone Mining
19:18 Gold Mining
20:15 Bow Saw
23:38 Wheelbarrow
26:01 Forging
25:42 Fletching
25:53 Padded Archer Armor
25:54 Scale Mail Armor
26:32 Arson
26:48 Squires
27:17 Scale Barding Armor
28:23 Leather Archer Armor
29:28 Hand Cart
30:26 Murder Holes
30:42 Fortified Wall
General
11:09 Feudal Age
12:57 Wheelbarrow
12:51 Double-Bit Axe
13:24 Gold Mining
15:43 Stone Mining
19:12 Horse Collar
22:04 Castle Age
21:23 Forging
21:03 Fletching
22:54 Pikeman
31:03 Bodkin Arrow
noob
11:21 Feudal Age
11:53 Double-Bit Axe
14:12 Loom
17:30 Castle Age
17:13 Fletching
17:28 Padded Archer Armor
18:24 Bow Saw
18:18 Stone Mining
20:51 Bodkin Arrow
22:04 Leather Archer Armor
22:30 Gold Mining
24:51 Ordonnance Companies
26:23 Gold Shaft Mining
27:33 Forging
29:58 Scale Barding Armor
30:29 Iron Casting
29:59 Husbandry
32:31 Chain Barding Armor
33:39 Town Watch
34:13 Scale Mail Armor
35:21 Chain Mail Armor
美少女王兔
11:22 Feudal Age
13:18 Loom
15:54 Castle Age
15:56 Double-Bit Axe
16:17 Horse Collar
17:33 Scale Barding Armor
17:41 Bloodlines
18:26 Bow Saw
25:33 Forging
26:14 Husbandry
27:36 Heavy Plow
33:31 Gold Mining
34:20 Wheelbarrow
34:26 Chain Barding Armor
34:44 Iron Casting
MHR.MK
9:53 Feudal Age
13:43 Double-Bit Axe
17:18 Stone Mining
17:19 Gold Mining
21:38 Castle Age
22:03 Wheelbarrow
25:04 Scale Mail Armor
26:10 Stone Mining
26:10 Gold Mining
29:24 Bow Saw
29:09 Gold Mining
30:18 Husbandry
30:47 Hand Cart
BLaCk_HoLE
12:20 Feudal Age
11:03 Loom
16:22 Stone Mining
18:42 Castle Age
16:45 Double-Bit Axe
18:47 Wheelbarrow
18:15 Stone Mining
18:15 Gold Mining
18:23 Gold Mining
20:07 Horse Collar
20:47 Fletching
20:58 Padded Archer Armor
22:01 Padded Archer Armor
25:54 Heavy Plow
28:04 Paiks
28:10 Scale Barding Armor
29:14 Forging
29:25 Chain Barding Armor
31:38 Hand Cart
36:27 Imperial Age
34:35 Stone Mining
35:06 Leather Archer Armor
Connection lost

Rejoining the realm…

Still unreachable

The connection could not be restored.

Session expired

The server has moved on; the page needs a fresh start.